 Dungeon Crawl Stone Soup version 0.31-a0-234-gad7ace16ef (webtiles) character file.

Game seed: 1386905706749626888

95 qw the Shooter (level 4, -2/36 HPs)
             Began as a Minotaur Hexslinger on July 9, 2023.
             Slain by Terence
             ... wielding a +0 falchion
              (10 damage)
             ... on level 2 of the Dungeon.
             The game lasted 00:00:46 (1759 turns).

qw the Shooter (Minotaur Hexslinger)                Turns: 1759, Time: 00:00:46

Health: -2/36      AC:  5    Str: 12    XL:     4   Next: 40%
Magic:  4/4        EV: 11    Int: 10    God:
Gold:   125        SH:  0    Dex: 15    Spells: 4/5 levels left

rFire   . . .        Y - +1 sling
rCold   . . .        (no shield)
rNeg    + . .        b - +0 ring mail {rPois}
rPois   +            (helmet restricted)
rElec   .            (no cloak)
rCorr   +            (no gloves)
SInv    .            (no boots)
Will    .....        j - amulet of the acrobat
Stlth   +            i - ring of positive energy
HPRegen 0.26/turn    d - ring of resist corrosion
MPRegen 0.09/turn

%: acrobat
@: no status effects
A: horns 2, retaliatory headbutt
a: no special abilities


You were on level 2 of the Dungeon.
You visited 1 branch of the dungeon, and saw 3 of its levels.

You collected 653 gold pieces.
You spent 528 gold pieces at shops.


Innate Abilities, Weirdness & Mutations

You have a pair of horns on your head.
You reflexively headbutt those who attack you in melee.


   Skills:
 - Level 2.1 Fighting
 + Level 4.5 Ranged Weapons
 - Level 1.6 Armour
 - Level 2.1 Dodging
 - Level 1.0 Spellcasting
 - Level 2.0 Hexes


You had 4 spell levels left.
You knew the following spells:

 Your Spells              Type           Power      Damage    Failure   Level
a - Slow                  Hex            16%        N/A       32%         1

Your spell library contained the following spells:

 Spells                   Type           Power      Damage    Failure   Level
 Inner Flame              Hex/Fire       2%         N/A       83%         3
 Portal Projectile        Hex/Tloc       4%         N/A       83%         3
 Cause Fear               Hex            2%         N/A       97%         4

Inventory:

Hand Weapons
 Y - a +1 sling (weapon)
Armour
 b - a +0 ring mail of poison resistance (worn)
 c - +0 steam dragon scales
Jewellery
 d - a ring of resist corrosion (right hand)
 i - a ring of positive energy (left hand)
 j - an amulet of the acrobat (around neck)
Potions
 a - a potion of berserk rage {unknown}
 e - 2 potions of enlightenment
 g - a potion of mutation {unknown}
 h - a potion of brilliance {unknown}
 m - 2 potions of curing
 n - a potion of invisibility {unknown}

Dungeon Overview and Level Annotations

Branches:
Dungeon (3/15)

Altars:

Shops:
D:2 [

Annotations:
D:2 Terence


Message History

Terence is nearby!
Waypoint 2 assigned to D:3.
You shoot a sling bullet.
The sling bullet closely misses Terence.
You shoot a sling bullet. The sling bullet barely misses Terence.
You shoot a sling bullet.
The sling bullet closely misses Terence.
Terence barely misses you.
You shoot a sling bullet. The sling bullet hits Terence.
Terence is moderately wounded.
Terence hits you with a +0 falchion! Terence misses you.
1753 ||| STAIRDANCE Terence closely misses you.
You climb upwards.
There is a stone staircase leading down here.
Enter note:
Enter note:
Enter note:
Enter note:
Enter note:
Enter note:
Enter note:
Enter note:
Enter note: You shoot a sling bullet.
The sling bullet hits Terence but does no damage.
Terence is moderately wounded.
Terence closely misses you.
You shoot a sling bullet. The sling bullet barely misses Terence.
Terence hits you but does no damage.
You shoot a sling bullet.
The sling bullet hits Terence but does no damage.
Terence is moderately wounded.
Terence hits you with a +0 falchion! x2
You shoot a sling bullet. The sling bullet hits Terence.
Terence is heavily wounded.
Terence hits you with a +0 falchion!
You shoot a sling bullet. The sling bullet hits Terence.
Terence is severely wounded.
Terence hits you with a +0 falchion!
You die...

######## #......#
#......####
#..........
########..........
##@................
#..@.####..........
#.......###........
#...###............
#...# ####........)
#...# ##......<.
#...# #........
##.## ##..####. #.#
##.## #.


You could see Terence.

Vanquished Creatures
  Robin (D:2)
  2 adders (D:2)
  A dart slug (D:1)
  A ball python (D:1)
  3 endoplasms
  5 giant cockroaches
  15 goblins
  10 hobgoblins
  2 jackals (D:1)
  A quokka (D:2)
  4 bats
  4 frilled lizards
  4 kobolds
  4 rats
57 creatures vanquished.

Vanquished Creatures (others)
  A goblin (D:2)
1 creature vanquished.

Grand Total: 58 creatures vanquished

Notes
Turn   | Place    | Note
-------+----------+-------------------------------------------
     0 | D:1      | qw the Minotaur Hexslinger began the quest for the Orb.
     0 | D:1      | Reached XP level 1. HP: 16/16 MP: 1/1
     0 | D:1      | 0 ||| qw: Version: 0.3-a-51-g015441d
     0 | D:1      | 0 ||| qw: Game counter: 4047
     0 | D:1      | 0 ||| qw: Melee chars always use a shield: true
     0 | D:1      | 0 ||| qw: God list: Okawaru
     0 | D:1      | 0 ||| qw: Allow faded altars: false
     0 | D:1      | 0 ||| qw: Do Orc after clearing Dungeon:15 true
     0 | D:1      | 0 ||| qw: Do second Lair branch before Depths: true
     0 | D:1      | 0 ||| qw: Lair rune preference: random
     0 | D:1      | 0 ||| qw: Goals: Normal
     0 | D:1      | 0 ||| PLANNING D:1-11
    81 | D:1      | 81 ||| FLEEEEING.
   126 | D:1      | Reached skill level 3 in Ranged Weapons
   143 | D:1      | Reached XP level 2. HP: 23/23 MP: 2/2
   369 | D:1      | 369 ||| UPGRADING to amulet of the acrobat.
   494 | D:1      | 494 ||| FLEEEEING.
   495 | D:1      | 495 ||| FLEEEEING.
   498 | D:1      | Reached XP level 3. HP: 27/29 MP: 3/3
   560 | D:1      | You fall into a shaft and drop 1 floor!
   617 | D:2      | 617 ||| UPGRADING to +0 ring mail.
   627 | D:2      | 627 ||| DROPPING +0 robe.
   628 | D:2      | 628 ||| UPGRADING to ring of positive energy.
   629 | D:2      | 629 ||| READING scroll labelled LUMAQ JEHAON.
   633 | D:2      | 633 ||| READING 3 scrolls labelled USCHOG JUESSUFF.
   634 | D:2      | 634 ||| READING scroll labelled CORROH HAIRO.
   634 | D:2      | Identified a scroll of acquirement
   634 | D:2      | 634 ||| ACQUIRING 506 gold pieces
   634 | D:2      | Acquired 506 gold pieces
   636 | D:2      | 636 ||| DRINKING 2 clear potions.
   637 | D:2      | 637 ||| DRINKING 2 fuming amethyst potions.
   638 | D:2      | 638 ||| DROPPING scroll of poison.
   639 | D:2      | 639 ||| DROPPING 2 scrolls of blinking.
   713 | D:1      | Found a faded altar of an unknown god.
   918 | D:2      | Found Imebunei's Armour Boutique.
   918 | D:2      | Noticed Robin
   928 | D:2      | Reached skill level 4 in Ranged Weapons
   933 | D:2      | HP: 4/29 [goblin/+0 dagger[Robin] (5)]
   934 | D:2      | 934 ||| DRINKING potion of heal wounds.
   950 | D:2      | Killed Robin
   951 | D:2      | Reached skill level 1 in Armour
  1010 | D:2      | 1010 ||| BUYING +0 ring mail of poison resistance (88
                  | gold).
  1010 | D:2      | Bought a +0 ring mail of poison resistance for 88 gold
                  | pieces
  1010 | D:2      | 1010 ||| BUYING +0 steam dragon scales (440 gold).
  1010 | D:2      | Bought +0 steam dragon scales for 440 gold pieces
  1010 | D:2      | 1010 ||| SHOPLISTING +1 leather armour of willpower (154
                  | gold, have 67).
  1010 | D:2      | 1010 ||| SHOPLISTING +1 pair of boots of rampaging (181
                  | gold, have 67).
  1050 | D:2      | Reached XP level 4. HP: 36/36 MP: 4/4
  1605 | D:2      | 1605 ||| UPGRADING to +0 ring mail of poison resistance.
  1615 | D:2      | 1615 ||| DROPPING +0 ring mail.
  1616 | D:2      | 1616 ||| UPGRADING to ring of resist corrosion.
  1617 | D:2      | 1617 ||| READING scroll labelled YKLEAF AFIOMIM.
  1718 | D:2      | 1718 ||| READING 2 scrolls labelled KIEDAUC TOTA.
  1719 | D:2      | 1719 ||| DRINKING 3 metallic clear potions.
  1720 | D:2      | 1720 ||| DROPPING scroll of amnesia.
  1748 | D:3      | Noticed Terence
  1753 | D:3      | 1753 ||| STAIRDANCE
  1758 | D:2      | HP: 8/36 [Terence/+0 falchion (7)]
  1759 | D:2      | Slain by Terence

Levels and vault maps discovered:
D:1:      dpeg_arrival_windows_large_door, layout_loops_ring,
          shapermc_ecumenical_altar_mp_ritualfount, serial_bayou_crossing
D:2:      layout_basic, serial_shops, nicolae_shop_rolling_square, uniq_robin
D:3:      layout_rooms, serial_shops, nicolae_shop_real_fake_doors,
          nicolae_shop_peninsula, uniq_jessica, uniq_terence

Skill      XL: |  1  2  3 |
---------------+----------+-----
Ranged Weapons | 3 4 |  4.5
Fighting       | 2 |  2.1
Armour         | 1 |  1.6
Dodging        | |  2.1
Spellcasting   | |  1.0
Hexes          | |  2.0

Action                     |  1- 3 |  4- 6 || total
---------------------------+-------+-------++-------
   Fire: Sling             |   129 |    44 ||   173
    Use: Scroll            |     3 |     2 ||     5
         Potion            |     3 |     1 ||     4
 Armour: Robe              |     6 |       ||     6
         Ring mail         |    21 |    11 ||    32
  Dodge: Dodged            |    33 |    10 ||    43

Table legend:
 A = Non-vault XP
 B = Vault XP
 C = Vault XP percentage of total XP
 D = Non-vault monster count
 E = Vault monster count
 F = Vault count percentage of total count
                 A         B        C        D         E       F
            +---------+---------+-------+---------+---------+-------
      Total |     102 |      35 |  25.5 |      46 |      11 |  19.3
            +---------+---------+-------+---------+---------+-------
        D:1 |      54 |       0 |   0.0 |      31 |       0 |   0.0
        D:2 |      48 |      35 |  42.2 |      15 |      11 |  42.3
            +---------+---------+-------+---------+---------+-------
